 Dungeon Crawl Stone Soup version 0.17-a0-1230-g8afc29e (webtiles) character file.

3540 Senik the Blocker (level 10, -2/84 HPs)
             Began as a Hill Orc Fighter on June 4, 2015.
             Slain by an orc warrior
             ... wielding a +4 battleaxe of draining
              (18 damage)
             ... on level 6 of the Dungeon.
             The game lasted 01:00:30 (7979 turns).

Senik the Blocker (Hill Orc Fighter)                Turns: 7979, Time: 01:00:30

Health: -2/84      AC: 19    Str: 27    XL:     10   Next: 8%
Magic:  10/10      EV:  7    Int:  8    God:
Gold:   331        SH: 14    Dex: 10    Spells: 0 memorised, 9 levels left

rFire  + . .     SeeInvis .     M - +1 morningstar (protect)
rCold  + . .     Clarity  .     C - +0 plate armour
rNeg   + . .     SustAt   .     z - +2 shield of Resistance {rF+ rC+ MR+}
rPois  .         Gourm    .     s - +1 hat
rElec  .         Spirit   .     (no cloak)
rCorr  .         Warding  .     (no gloves)
rMut   .         Stasis   .     (no boots)
MR     +....                    y - amulet of rage
Stlth  ..........               e - +4 ring of strength
                                j - ring of positive energy

@: drained, somewhat resistant to hostile enchantments, extremely unstealthy
A: no striking features
a: Evoke Berserk Rage


You were on level 6 of the Dungeon.
You were not hungry.

You visited 2 branches of the dungeon, and saw 8 of its levels.

You collected 331 gold pieces.

Inventory:

Hand weapons
 a - a +0 flail
 x - a +0 dagger
 J - a cursed -2 spear
 L - a cursed -1 quarterstaff
 M - a +1 morningstar of protection (weapon)
 N - a +2 flail of freezing
Armour
 b - a +0 scale mail
 c - a +0 shield
 g - a +1 large shield
 k - a +3 ring mail
 o - a +0 chain mail
 s - a +1 hat (worn)
 z - the +2 shield of Resistance (worn) {rF+ rC+ MR+}
   (You found it on level 6 of the Dungeon)

   It protects you from fire.
   It protects you from cold.
   It affects your resistance to hostile enchantments.
 C - a +0 plate armour (worn)
Magical staves
 q - an uncursed staff of summoning {unknown}
 F - a cursed staff of wizardry {unknown}
Jewellery
 e - a +4 ring of strength (right hand)
 f - an uncursed amulet of resist corrosion
 i - an uncursed amulet of the gourmand
 j - a ring of positive energy (left hand)
 l - an uncursed ring of stealth
 u - an uncursed amulet of warding
 y - an amulet of rage (around neck)
 A - an uncursed ring of protection from cold
Magical devices
 m - a wand of fireball (7)
Scrolls
 n - 8 scrolls of remove curse
 p - a scroll of fog
 t - 7 scrolls of identify
 v - 2 scrolls of teleportation
 w - a scroll of immolation
Potions
 d - a potion of might
 h - a potion of curing
 r - a potion of haste
 B - a potion of agility {unknown}
 D - a potion of brilliance
 E - a potion of mutation {unknown}
 G - a potion of invisibility {unknown}
 H - a potion of resistance {unknown}
 O - a potion of beneficial mutation {unknown}
Books
 I - a book of Spatial Translocations

   Spells                             Type                      Level
   a - Apportation                    Translocation                1
   b - Blink                          Translocation                2
   c - Shroud of Golubria             Charms/Translocation         2
   d - Portal Projectile              Translocation                3
   e - Teleport Other                 Translocation                3
   f - Passage of Golubria            Translocation                4
Comestibles
 K - 5 bread rations


   Skills:
 + Level 6.8(6.6) Fighting
 + Level 7.3(7.1) Maces & Flails
 + Level 7.1(6.9) Armour
 + Level 3.4(3.2) Dodging
 + Level 1.0(0.8) Stealth
 + Level 10.1(9.9) Shields
 + Level 0.6(0.4) Evocations


You had 9 spell levels left.
You didn't know any spells.

Dungeon Overview and Level Annotations

Branches:
Dungeon (7/15)             Temple (1/1) D:4

Altars:
Ashenzari
Cheibriados
Dithmenos
Elyvilon
Fedhas
Gozag
Kikubaaqudgha
Makhleb
Nemelex Xobeh
Okawaru
Qazlal
Ru
Sif Muna
Trog
Vehumet
Xom
Yredelemnul
Zin

Annotations:
D:7 exclusion: oklob plant


Message History

The orc warrior is heavily wounded.
The orc warrior hits you with a battleaxe of draining!!
* * * LOW HITPOINT WARNING * * *
You partially resist.
You feel drained.
* * * LOW HITPOINT WARNING * * *
You puncture the orc warrior!
The orc warrior is severely wounded.
You block the orc warrior's attack.
You hit the orc warrior but do no damage.
The orc warrior is severely wounded.
You block the orc warrior's attack.
You closely miss the orc warrior.
The orc warrior is severely wounded.
You block the orc warrior's attack.
Your shield and plate armour prevent you from hitting the orc warrior.
The orc warrior is severely wounded.
You closely miss the orc warrior.
The orc warrior is severely wounded.
The orc warrior hits you with a battleaxe of draining!!
You die...

*+********+****####'#
#...####
*,,,,*,,,,,,,,,#P...#
#...#
*,,,,*,,,,,,,,,#....#
#...#
*,,,,*,,,.,,,,,#P...#
#...#
*,,,,*,,,..,,,,#...P#
#...#
*,,,,*,,,...,,,#P...#
#...#
*,,,,*,,,/.[.,,#.[.P#
#...#
*,,,,*,,,.....,#P...#
#...#
*,,,,*,,,......#@..P#
#...#
*,,,,+,,,......o)...#
#####
*********############


You could see an orc warrior.

Vanquished Creatures
  A hill giant (D:6)
  The ghost of MUTANTIKUS the Skirmisher, an experienced DrBe of Trog (D:5)
  Prince Ribbit (D:5)
  A spriggan (D:7)
  2 steam dragons (D:5)
  A hippogriff (D:6)
  2 ice beasts
  An orc warrior (D:6)
  A centaur (D:6)
  3 phantoms
  2 ogres
  2 giant frogs
  A crocodile (D:6)
  A scorpion (D:3)
  4 wights (D:7)
  A centaur zombie (D:6)
  3 orc wizards
  A hound (D:4)
  Ijyb (D:3)
  4 iguanas
  2 jellies
  2 worker ants (D:5)
  Jessica (D:3)
  A centaur skeleton (D:7)
  A giant frog skeleton (D:5)
  A killer bee zombie (D:5)
  4 gnolls (D:4)
  11 adders
  A shadow imp (D:5)
  3 oozes
  3 adder skeletons
  2 adder zombies (D:2)
  3 worms
  8 giant geckos
  15 orcs
  5 ball pythons
  A bat skeleton (D:6)
  4 giant cockroaches
  6 hobgoblins
  10 jackals
  8 kobolds
  4 bats
  2 giant gecko zombies
  2 giant newts
  9 goblins
  8 quokkas
  A quokka skeleton (D:4)
  11 rats
  A bush (D:6)
  A plant (D:2)
165 creatures vanquished.

Notes
Turn   | Place    | Note
--------------------------------------------------------------
     0 | D:1      | Senik the Hill Orc Fighter began the quest for the Orb.
     0 | D:1      | Reached XP level 1. HP: 19/19 MP: 1/1
   675 | D:1      | Reached XP level 2. HP: 25/27 MP: 2/2
  1438 | D:2      | Found a bloodstained altar of Trog.
  1519 | D:2      | Reached XP level 3. HP: 33/33 MP: 3/3
  1569 | D:2      | Reached skill level 4 in Shields
  2066 | D:2      | Reached XP level 4. HP: 31/40 MP: 4/4
  2829 | D:3      | Noticed Ijyb
  2855 | D:3      | Killed Ijyb
  2855 | D:3      | Reached skill level 1 in Dodging
  2855 | D:3      | Reached XP level 5. HP: 37/46 MP: 5/5
  2856 | D:3      | Found an iron altar of Okawaru.
  2917 | D:3      | Noticed an ice beast
  2937 | D:3      | Killed an ice beast
  2937 | D:3      | Reached XP level 6. HP: 13/52 MP: 6/6
  3196 | D:3      | Found a blossoming altar of Fedhas.
  3197 | D:3      | Noticed Jessica
  3206 | D:3      | Killed Jessica
  3273 | D:3      | Reached skill level 5 in Shields
  3610 | D:4      | Reached XP level 7. HP: 29/60 MP: 7/7
  3834 | D:4      | Reached skill level 6 in Shields
  4370 | D:4      | Found an opulent altar of Gozag.
  4624 | D:4      | Found a staircase to the Ecumenical Temple.
  4633 | Temple   | Entered the Ecumenical Temple
  4727 | D:5      | Entered Level 5 of the Dungeon
  4752 | D:5      | Reached XP level 8. HP: 67/67 MP: 8/8
  4818 | D:5      | Reached skill level 5 in Fighting
  4818 | D:5      | Reached skill level 5 in Armour
  4818 | D:5      | Reached skill level 7 in Shields
  4857 | D:5      | Noticed Prince Ribbit
  4904 | D:5      | Killed Prince Ribbit
  5141 | D:5      | Noticed MUTANTIKUS's ghost (experienced DrBe)
  5184 | D:5      | Killed MUTANTIKUS's ghost
  5184 | D:5      | Reached skill level 5 in Maces & Flails
  5184 | D:5      | Reached skill level 8 in Shields
  5188 | D:5      | Upgraded the game from 0.17-a0-1210-g1e4f09d to 0.17-a0-1230-g8afc29e
  5516 | D:5      | Noticed a steam dragon
  5518 | D:5      | Noticed a steam dragon
  5529 | D:5      | Killed a steam dragon
  5529 | D:5      | Reached XP level 9. HP: 42/75 MP: 9/9
  5535 | D:5      | Killed a steam dragon
  6242 | D:6      | Found a shadowy altar of Dithmenos.
  6330 | D:6      | Reached skill level 9 in Shields
  6525 | D:6      | Found a bloodstained altar of Trog.
  6810 | D:6      | Reached skill level 1 in Stealth
  7143 | D:6      | Found a deep blue altar of Sif Muna.
  7321 | D:7      | Found a sparkling altar of Nemelex Xobeh.
  7321 | D:7      | Noticed an oklob plant
  7450 | D:7      | Found a sparkling altar of Nemelex Xobeh.
  7909 | D:6      | Noticed a hill giant
  7923 | D:6      | Killed a hill giant
  7941 | D:6      | Reached skill level 10 in Shields
  7941 | D:6      | Reached XP level 10. HP: 53/84 MP: 10/10
  7979 | D:6      | Slain by an orc warrior

Vault maps used:
D:1:      co_arrival_square_in_a_square_in_a_square
D:2:      serial_undead, serial_undead_e, serial_undead_c, serial_undead_f,
          serial_undead_f, serial_undead_a, serial_undead_f, serial_undead_a,
          trog_three_pillars_becter
D:3:      okawaru_gym_becter, fedhas_altar_4, minmay_misc_feat_plants,
          uniq_jessica, uniq_iyjb
D:4:      temple_green, first_bread, grunt_gozag_statues
D:5:      kennysheep_steamy, uniq_prince_ribbit1
D:6:      minmay_klotski, lemuel_doored_altar, tgw_sif, trog_butcher_becter
D:7:      basic_altar, the_bakery, grunt_ministairs_9, lemuel_oklob_altar
Temple:   circular_temple_13

Action                   |  1- 3 |  4- 6 |  7- 9 | 10-12 || total
-------------------------+-------+-------+-------+-------++-------
Melee: Flail             |   148 |   166 |   471 |       ||   785
       Morningstar       |       |       |    97 |    35 ||   132
 Abil: Evoke Berserk Rag |       |       |     2 |       ||     2
Evoke: Wand              |       |       |     1 |       ||     1
  Use: Scroll            |     8 |     3 |     4 |       ||    15
       Potion            |     3 |     1 |     3 |     1 ||     8
  Eat: Bread ration      |     1 |       |     3 |       ||     4
       Meat ration       |       |     1 |       |       ||     1
       Beef jerky        |       |     1 |       |       ||     1
       Fruit             |       |       |     3 |       ||     3
